 Dungeon Crawl Stone Soup version 0.28.0-1-gb440e238dd (webtiles) character file.

Game seed: 4660805012234880365

7842 pkoi the Destroyer (level 11, -2/66 HPs)
             Began as a Yellow Draconian Conjurer on Feb 25, 2022.
             Was a Believer of Sif Muna.
             Killed from afar by a manticore (3 damage)
             ... with a volley of spikes
             ... on level 11 of the Dungeon.
             The game lasted 00:21:38 (21161 turns).

pkoi the Destroyer (Yellow Draconian Conjurer)     Turns: 21161, Time: 00:21:39

Health: -2/66      AC: 10    Str: 13    XL:     11   Next: 2%
Magic:  4/16       EV: 12    Int: 23    God:    Sif Muna [**....]
Gold:   518        SH:  0    Dex: 15    Spells: 7/14 levels left

rFire   . . .      SeeInvis .   w - +7 falchion of Inuama {vorpal, Fragile Dex+6}
rCold   . . .      Faith    .   (no shield)
rNeg    . . .      Spirit   .   (armour unavailable)
rPois   +          Reflect  .   (helmet restricted)
rElec   .          Harm     .   g - +0 cloak
rCorr   +          Rampage  .   (no gloves)
Will    .....                   d - +1 pair of boots "Helunawn" {Str+5}
Stlth   ++........              (no amulet)
HPRegen 0.21/turn               h - ring of poison resistance
MPRegen 0.15/turn               (no ring)

@: short of breath, spiked, very slightly contaminated
A: spit acid, AC +7, unfitting armour, cold-blooded, acid resistance, frail 1,
weak 1
a: Breathe Acid, Renounce Religion, Channel Magic


You were on level 11 of the Dungeon.
You worshipped Sif Muna.
Sif Muna was pleased with you.
You visited 2 branches of the dungeon, and saw 12 of its levels.

You collected 518 gold pieces.

Inventory:

Hand Weapons
 b - a +0 dagger of flaming
 c - a +2 dagger of speed
 s - a +0 whip of electrocution
 w - the +7 falchion of Inuama (weapon) {vorpal, Fragile Dex+6}
   (You found it on level 10 of the Dungeon)

   It inflicts extra damage upon your enemies.
   Dex:       It affects your dexterity (+6).
   Fragile:   It will be destroyed if unequipped.
Armour
 d - the +1 pair of boots "Helunawn" (worn) {Str+5}
   (You found it on level 3 of the Dungeon)

   Str:       It affects your strength (+5).
 g - a +0 cloak (worn)
Jewellery
 h - a ring of poison resistance (left hand)
 v - the amulet of Cexkewka {Faith *Corrode Str+3 Slay+5 SInv}
   (You found it on level 10 of the Dungeon)

   [amulet of faith]

   It allows you to gain divine favour quickly.
   Str:       It affects your strength (+3).
   Slay:      It affects your accuracy & damage with ranged weapons and melee
   (+5).
   SInv:      It lets you see invisible.
   *Corrode:  It may corrode you when you take damage.
Wands
 f - a wand of digging (5)
 k - a wand of flame (32)
 n - a wand of charming (13)
 p - a wand of acid (10)
 q - a wand of polymorph (6)
 x - a wand of iceblast (6)
Scrolls
 i - 9 scrolls of identify {unknown}
 l - a scroll of fear {unknown}
 m - 4 scrolls of teleportation {unknown}
 r - a scroll of magic mapping
 t - a scroll of holy word {unknown}
 u - 2 scrolls of noise {unknown}
Potions
 a - a potion of lignification
 e - 3 potions of brilliance
 j - a potion of heal wounds
 o - a potion of curing


   Skills:
 - Level 1.7 Dodging
 - Level 1.7 Stealth
 - Level 2.0 Spellcasting
 * Level 13.5 Conjurations
 + Level 8.4 Translocations
 + Level 7.5 Invocations


You had 7 spell levels left.
You knew the following spells:

 Your Spells              Type           Power      Damage    Failure   Level
a - Magic Dart            Conj           100%       1d8       1%          1
b - Searing Ray           Conj           100%       2d8       1%          2
c - Iskenderun's Mystic   Conj/Tloc      52%        2d11      1%          4

Your spell library contained the following spells:

 Spells                   Type           Power      Damage    Failure   Level
 Static Discharge         Conj/Air       33%        N/A       1%          2
 Gell's Gravitas          Tloc           41%        N/A       1%          3
 Lesser Beckoning         Tloc           41%        N/A       1%          3
 Teleport Other           Tloc           41%        N/A       1%          3
 Dazzling Flash           Conj/Hex       66%        N/A       2%          3
 Fulminant Prism          Conj/Hex       16%        3d11      8%          4
 Sticky Flame             Conj/Fire      33%        2d5       8%          4
 Sublimation of Blood     Necr           2%         N/A       19%         2
 Wereblood                Tmut           2%         N/A       19%         2
 Lightning Bolt           Conj/Air       16%        1d30      22%         5
 Ozocubu's Armour         Ice            2%         N/A       36%         3
 Dispel Undead            Necr           2%         3d7       77%         4
 Metabolic Englaciation   Hex/Ice        1%         N/A       98%         5
 Simulacrum               Ice/Necr       1%         N/A       100%        6
 Summon Hydra             Summ           1%         N/A       100%        7
 Maxwell's Capacitive Co  Air            1%         ∞         100%        8


Dungeon Overview and Level Annotations

Branches:
Dungeon (11/15)            Temple (1/1) D:5
   Lair: D:8-11         Orc: D:9-12

Altars:
Ashenzari
Cheibriados
Dithmenos
Elyvilon
Fedhas
Gozag
Hepliaklqana
Kikubaaqudgha
Makhleb
Nemelex Xobeh
Okawaru
Qazlal
Ru
Sif Muna
Trog
Uskayaw
Vehumet
Wu Jian
Xom
Yredelemnul
Zin
The Shining One

Shops:
D:2 (   D:5 [

Portals:
Trove: D:10 (give +4 shadow dragon scales)

Annotations:
D:6 1 runed translucent door, Crazy Yiuf


Innate Abilities, Weirdness & Mutations

You can spit globs of acid.
Your golden yellow scales are hard. (AC +7)
You cannot fit into any form of body armour.
You are cold-blooded and may be slowed by cold attacks.
You are resistant to acid. (rCorr)
You are frail. (-10% HP)
You are weak. (Str -2)


Message History

The barbed spikes become lodged in your body.
* * * LOW HITPOINT WARNING * * *
The searing ray hits the manticore.
The manticore is moderately wounded.
The manticore flicks its tail.
The volley of spikes hits you!
The barbed spikes become lodged in your body.
* * * LOW HITPOINT WARNING * * *
The searing ray hits the manticore.
The manticore is heavily wounded.
The manticore flicks its tail.
The volley of spikes hits you but does no damage.
The searing ray hits the manticore!
The manticore is heavily wounded.
You finish channelling your searing ray.
Unknown command.
Casting: Searing Ray (safe; 1% risk of failure)
Confirm with . or Enter, or press ? or * to list all spells.
You miscast Iskenderun's Mystic Blast.
You are very lightly contaminated with residual magic.
Nothing appears to happen.
The two-headed ogre hits you with a +0 giant club!!
* * * LOW HITPOINT WARNING * * *
The two-headed ogre completely misses you.
The manticore flicks its tail.
The volley of spikes hits you but does no damage.
Unknown command.
Okay, then.
Okay, then.
Unknown command.
Press: ? - help, Shift-Dir - straight line, f - two-headed ogre, p - manticore
Aim: a two-headed ogre, wielding two +0 giant clubs (lightly wounded, 83% to hit)
You spit a glob of acid.
The glob of acid hits the two-headed ogre!
The acid splashes onto the manticore!
The manticore is splashed with acid.
The two-headed ogre is moderately wounded.
The manticore flicks its tail.
The volley of spikes hits you.
The barbed spikes become lodged in your body.
You die...

........# #.... #.....:...#
#.... #.........# #....
#.........# #.... ..
#.........# #....
..#####.........#######....
..........H................
.........O.................
..........@#####...........
...........# #..#########
...........# #..#
...........# #..#
...........# #..#
...........# #..#
...........# #..#
...........# #..#
...........# #..#########


You could see a two-headed ogre and a manticore.

Vanquished Creatures
  A two-headed ogre (D:11)
  A troll (D:10)
  A shadow (D:7)
  2 wyverns (D:9)
  5 yaks
  A wraith (D:11)
  A basilisk (D:11)
  2 steam dragons
  Menkaure (D:5)
  Edmund (D:5)
  3 acid dragons
  2 water moccasins
  An ice beast (D:6)
  3 orc warriors
  3 sky beasts
  3 necrophages
  3 ogres
  4 centaurs
  2 phantoms
  3 kobold brigands
  3 bullfrogs
  2 gnoll sergeants
  A wyvern zombie (D:6)
  A water moccasin skeleton (D:4)
  20 killer bees
  An electric eel (D:8)
  4 howler monkeys
  3 wights (D:7)
  3 centaur zombies
  A gnoll shaman (D:10)
  A bullfrog zombie (D:6)
  2 jellies
  2 orc priests
  2 hounds
  2 iguanas
  6 orc wizards
  A killer bee zombie (D:7)
  16 gnolls
  A howler monkey skeleton (D:7)
  8 adders
  3 worms
  4 dart slugs
  27 orcs
  9 endoplasms
  A giant cockroach (D:4)
  8 hobgoblins
  4 jackals (D:4)
  3 ball pythons
  9 bats
  3 frilled lizards
  7 goblins
  24 kobolds
  A quokka skeleton (D:2)
  5 rats
231 creatures vanquished.

Notes
Turn   | Place    | Note
-------+----------+-------------------------------------------
     0 | D:1      | pkoi the Draconian Conjurer began the quest for the Orb.
     0 | D:1      | Reached XP level 1. HP: 14/14 MP: 3/3
   126 | D:1      | Found a faded altar of an unknown god.
   466 | D:1      | Reached XP level 2. HP: 20/20 MP: 3/5
  1255 | D:1      | Learned a level 2 spell: Searing Ray
  2069 | D:2      | Reached skill level 5 in Conjurations
  2069 | D:2      | Reached XP level 3. HP: 26/26 MP: 1/6
  2832 | D:2      | Found Jiga's Weapon Boutique.
  3211 | D:2      | Reached XP level 4. HP: 30/33 MP: 5/7
  3701 | D:3      | Reached skill level 6 in Conjurations
  4136 | D:3      | Identified the +1 pair of boots "Helunawn" {Str+5}
  4524 | D:3      | Reached XP level 5. HP: 38/38 MP: 2/8
  4787 | D:3      | Learned a level 4 spell: Iskenderun's Mystic Blast
  4864 | D:4      | Noticed an ogre
  4899 | D:4      | Killed an ogre
  4900 | D:4      | Reached skill level 1 in Translocations
  5430 | D:4      | Noticed an ogre
  5435 | D:4      | Killed an ogre
  5436 | D:4      | Reached skill level 7 in Conjurations
  5436 | D:4      | Reached XP level 6. HP: 45/45 MP: 3/9
  6617 | D:4      | Reached skill level 8 in Conjurations
  6617 | D:4      | Your scales start taking on a golden yellow colour.
  6617 | D:4      | Reached XP level 7. HP: 39/50 MP: 5/10
  6617 | D:4      | Gained mutation: You are resistant to acid. (rCorr) [Yellow
                  | Draconian growth]
  6751 | D:5      | Entered Level 5 of the Dungeon
  6755 | D:5      | Gained mutation: You occasionally shout uncontrollably at
                  | your foes. [potion of mutation]
  6970 | D:5      | Noticed Edmund
  6982 | D:5      | Killed Edmund
  7301 | D:5      | Reached skill level 9 in Conjurations
  7407 | D:5      | Found Wouniucs's Armour Emporium.
  7451 | D:5      | Reached XP level 8. HP: 50/57 MP: 5/11
  7754 | D:5      | Noticed Menkaure
  7760 | D:5      | HP: 2/57 [Menkaure (12)]
  7761 | D:5      | Killed Menkaure
  8215 | D:5      | Found a staircase to the Ecumenical Temple.
  8394 | Temple   | Entered the Ecumenical Temple
  8808 | Temple   | Became a worshipper of Sif Muna the Loreminder
  8937 | D:6      | Reached skill level 1 in Invocations
  9079 | D:6      | Reached skill level 5 in Translocations
  9336 | D:5      | Reached skill level 10 in Conjurations
 10271 | D:6      | Found a runed translucent door.
 10272 | D:6      | Noticed Crazy Yiuf
 11039 | D:7      | Reached XP level 9. HP: 43/62 MP: 7/12
 11949 | D:7      | Reached skill level 11 in Conjurations
 14235 | D:8      | Found a stormy altar of Qazlal.
 14315 | D:9      | Noticed a centaur warrior
 14324 | D:8      | Reached skill level 5 in Invocations
 14598 | D:9      | Reached skill level 12 in Conjurations
 14625 | D:9      | Reached XP level 10. HP: 8/69 MP: 11/14
 14979 | D:9      | Reached * piety under Sif Muna
 15646 | D:7      | Lost mutation: You occasionally shout uncontrollably at
                  | your foes. [potion of mutation]
 15646 | D:7      | Gained mutation: You are weak. (Str -2) [potion of
                  | mutation]
 15646 | D:7      | Gained mutation: You are frail. (-10% HP) [potion of
                  | mutation]
 15928 | D:8      | HP: 3/62 [killer bee (5)]
 17639 | D:10     | Entered Level 10 of the Dungeon
 18056 | D:10     | Identified the +7 falchion of Inuama {vorpal, Fragile
                  | Dex+6}
 18151 | D:10     | Identified the amulet of Cexkewka {Faith *Corrode Str+3
                  | Slay+5 SInv}
 18213 | D:10     | Found a portal to a secret trove of treasure.
 18691 | D:10     | Reached skill level 13 in Conjurations
 19318 | D:10     | Reached ** piety under Sif Muna
 20131 | D:11     | Noticed a two-headed ogre
 20161 | D:11     | Killed a two-headed ogre
 20924 | D:11     | Noticed a manticore
 20958 | D:11     | Reached XP level 11. HP: 50/66 MP: 4/16
 21150 | D:11     | Noticed a two-headed ogre
 21160 | D:11     | HP: 1/66 [two-headed ogre (20)]
 21161 | D:11     | Killed from afar by a manticore

Illustrated notes

Levels and vault maps discovered:
D:1:      ncdulo_smallfort, layout_basic, chequers_ecumenical_altar_twisty
D:2:      layout_basic, serial_shops, nicolae_shop_waterfront
D:3:      layout_basic
D:4:      nicolae_BIG_FREAKIN_CUBE, layout_basic
D:5:      layout_loops_ring, lemuel_temple_firewalk_b, serial_shops,
          nicolae_shop_advertising_works [nicolae_subvault_shop_adworks],
          uniq_menkaure, uniq_edmund
D:6:      layout_gridville, minmay_misc_feat_cross, uniq_crazy_yiuf_cottage
D:7:      layout_basic, grunt_ministairs_7, minmay_misc_feat_square
D:8:      layout_loops_corners, nicolae_qazlal_eye_of_the_storm,
          lightli_minifort
D:9:      layout_layer_cave, lair_entry_dummy, minivault_7
D:10:     layout_roguey, nicolae_trove_entry_isolated,
          chequers_serial_rivers_micro_c, grunt_ministairs_15
D:11:     layout_small_grid, serial_rivers, chequers_serial_rivers_micro_e,
          chequers_serial_rivers_micro_e, chequers_serial_rivers_room_a,
          chequers_serial_rivers_room_b, chequers_serial_rivers_room_b,
          chequers_serial_rivers_room_a, uniq_snorg
Temple:   mainiacjoe_temple_trianglar_array

Skill      XL: |  1  2  3  4  5  6  7  8  9 10 |
---------------+-------------------------------+-----
Conjurations   | 5 6 7 8 9 10 12 13 | 13.5
Translocations | 2 3 4 5 7 8 |  8.4
Invocations    | 3 5 7 |  7.5
Dodging        | |  1.7
Stealth        | |  1.7
Spellcasting   | |  2.0

Action                   |  1- 3 |  4- 6 |  7- 9 | 10-12 || total
-------------------------+-------+-------+-------+-------++-------
Melee: Unarmed           |     8 |       |       |       ||     8
       Dagger            |    31 |     9 |    69 |    11 ||   120
       Tailslap          |     5 |     2 |    10 |     4 ||    21
       Whip              |       |       |       |    56 ||    56
       Falchion          |       |       |       |     8 ||     8
 Cast: Magic Dart        |    77 |    79 |    87 |    24 ||   267
       Searing Ray       |       |     9 |    45 |    33 ||    87
       Iskenderun's Myst |       |       |       |    29 ||    29
 Abil: Breathe Acid      |       |       |    16 |    12 ||    28
  Use: Potion            |     4 |     1 |     6 |     2 ||    13
       Scroll            |       |     1 |     3 |       ||     4
 Stab: Distracted        |       |       |       |     1 ||     1
Armor: Skin              |     8 |     8 |    70 |    88 ||   174
Dodge: Dodged            |    32 |    13 |    94 |   149 ||   288
